Map: Acid Plant LE

Players

Mackintac

  • Race: Zerg Zerg
  • Spawn Location: 5:00

CalebAracous - Winner!

  • Race: Zerg Zerg
  • Spawn Location: 11:00

Event: WCS Montreal 2018

VOD

Have the link to the VOD?

Description

Time

  • Played on: Sept. 7, 2018, 1:36 p.m.
  • Length: 14:24

All games in this series

Show
View Real Time Build Order
Export as new Build Order

Mackintac Zerg 

Build Orders: Hatch First 

Get SALT Encoding   

  12  0:01  Drone  
  13  0:12  Overlord  
  13  0:17  Drone  
  14  0:30  Drone x2  
  17  0:35  Drone  
  17  0:50  Hatchery  
  17  0:54  Drone  
  17  0:57  Extractor  
  16  1:10  Spawning Pool  
  15  1:13  Drone  
  15  1:16  Drone  
  17  1:20  Drone  
  18  1:28  Drone  
  19  1:39  Overlord  
  19  1:57  Queen  
  19  1:59  Drone  
  19  2:01  Metabolic Boost  
  22  2:02  Queen  
  22  2:06  Drone  
  25  2:09  Drone  
  25  2:12  Drone  
  27  2:16  Zergling x2  
  28  2:23  Baneling Nest  
  28  2:26  Zergling x2  
  28  2:27  Zergling x2  
  29  2:37  Drone  
  30  2:46  Zergling x2  
  30  2:47  Zergling x4  
  33  2:58  Overlord  
  33  3:01  Hatchery  
  32  3:05  Zergling x2  
  32  3:07  Zergling x4  
  35  3:15  Overlord  
  35  3:17  Zergling x4  
  37  3:20  Baneling x2  
  37  3:29  Baneling x4  
  37  3:31  Overlord  
  37  3:35  Drone  
  37  3:36  Drone  
  38  3:42  Baneling  
  38  3:46  Drone x3  
  41  3:54  Drone  
  41  3:55  Drone x2  
  42  4:00  Drone x3  
  45  4:05  Drone  
  46  4:10  Evolution Chamber  
  46  4:12  Extractor  
  46  4:13  Drone x2  
  45  4:19  Drone  
  45  4:22  Extractor  
  45  4:32  Lair  
  45  4:33  Drone x3  
  47  4:45  Drone x6  
  52  4:48  Extractor  
  50  4:55  Zerg Missile Weapons Level 1  
  50  4:56  Drone  
  50  4:59  Drone x2  
  53  5:00  Queen x2  
  57  5:15  Overlord, Drone  
  57  5:27  Zergling x4  
  57  5:28  Overlord  
  56  5:37  Roach Warren, Queen x3  
  56  5:41  Overseer  
  56  5:42  Nydus Network  
  60  5:56  Overlord, Drone x3  
  63  5:58  Drone x2  
  65  6:15  Baneling x2  
  65  6:21  Spore Crawler  
  65  6:22  Spore Crawler  
  65  6:24  Spore Crawler  
  62  6:29  Roach x7  
  62  6:30  Roach x3  
  62  6:32  Overlord x2  
  82  6:39  Overlord  
  81  6:49  Overlord, Queen  
  81  6:54  Queen  
  85  7:04  Nydus Canal  
  85  7:06  Queen  
  87  7:10  Roach x7  
  87  7:11  Roach  
  87  7:13  Glial Reconstitution  
  103  7:17  Overlord  
  103  7:18  Baneling  
  103  7:19  Baneling  
  91  7:53  Roach  
  91  7:54  Roach x8  
  103  7:59  Roach  
  105  8:17  Queen x2  
  105  8:19  Queen  
  101  8:34  Roach x3  
  95  8:53  Queen x2  
  95  8:54  Queen  
  95  8:57  Hydralisk Den  
  86  9:04  Overlord  
  86  9:08  Zerg Ground Armor Level 1  
  78  9:22  Drone x2  
  72  9:25  Roach x10  
  72  9:29  Queen  
  72  9:30  Spore Crawler  
  93  9:36  Overlord  
  91  9:39  Grooved Spines  
  83  9:57  Hydralisk  
  83  9:58  Spore Crawler, Hydralisk x8  
  76  10:25  Hydralisk x7  
  76  10:26  Hydralisk  
  84  10:30  Queen  
  86  10:40  Roach x6  
  98  10:51  Muscular Augments  
  98  10:59  Hydralisk, Roach  
  98  11:00  Roach x5  
  112  11:05  Queen  
  112  11:07  Drone  
  112  11:08  Infestation Pit  
  112  11:18  Drone x3  
  115  11:21  Spore Crawler  
  115  11:22  Drone  
  115  11:23  Overlord, Drone x3  
  118  11:27  Extractor  
  117  11:33  Drone x3  
  117  11:37  Extractor  
  119  11:41  Overlord  
  117  11:48  Overlord  
  117  11:54  Drone x5  
  108  11:55  Drone x5  
  108  12:00  Pathogen Glands  
  112  12:25  Infestor x3  
  112  12:26  Infestor  
  112  12:27  Hydralisk x2  
  124  12:36  Hydralisk x2  
  124  12:37  Hydralisk  
  130  12:45  Overlord x2  
  105  13:33  Overlord, Swarm Host  
  108  13:34  Hydralisk x4, Roach  
  108  13:35  Roach x3  
  122  13:42  Infestor  
  94  14:00  Hydralisk  
Show
View Real Time Build Order
Export as new Build Order

CalebAracous Zerg - Winner!

Build Orders: Hatch First 

Get SALT Encoding   

  12  0:01  Drone  
  13  0:13  Overlord  
  13  0:17  Drone  
  14  0:34  Drone x2  
  16  0:52  Hatchery  
  16  0:56  Drone  
  16  1:00  Drone  
  16  1:03  Drone  
  18  1:10  Extractor  
  17  1:20  Spawning Pool  
  17  1:24  Drone  
  17  1:27  Drone  
  18  1:34  Drone  
  19  1:42  Drone  
  20  1:52  Overlord  
  20  2:06  Queen x2  
  24  2:10  Metabolic Boost  
  24  2:12  Drone  
  24  2:14  Drone  
  26  2:17  Drone  
  26  2:22  Zergling x2  
  28  2:25  Zergling x2  
  28  2:26  Drone  
  30  2:33  Baneling Nest  
  29  2:45  Queen  
  29  2:50  Zergling x2  
  32  2:51  Overlord  
  32  3:01  Spine Crawler  
  32  3:03  Zergling x2  
  32  3:06  Drone x3  
  32  3:07  Drone  
  35  3:16  Baneling x2  
  35  3:17  Baneling x2  
  35  3:20  Zergling x2  
  35  3:21  Zergling x4  
  35  3:24  Baneling x2  
  38  3:37  Queen  
  38  3:38  Overlord  
  40  3:44  Extractor  
  39  3:53  Baneling x2  
  39  3:55  Drone x7  
  43  4:00  Overlord  
  43  4:06  Baneling  
  43  4:15  Drone x3  
  46  4:21  Overlord  
  46  4:22  Lair  
  46  4:23  Extractor  
  45  4:35  Drone x5  
  49  4:42  Overlord  
  49  4:46  Extractor  
  49  4:51  Drone x4  
  51  4:57  Overlord  
  51  5:01  Zergling x6  
  54  5:22  Hatchery  
  54  5:25  Overlord  
  54  5:26  Drone x4  
  54  5:27  Spire  
  53  5:37  Drone x3  
  56  5:43  Overlord x2  
  56  5:47  Zergling x2  
  56  5:48  Zergling x4  
  59  6:03  Unknown  
  58  6:23  Drone x2  
  60  6:30  Overlord x2  
  60  6:32  Drone x4  
  64  6:38  Mutalisk, Zerg Flyer Weapons Level 1  
  64  6:39  Mutalisk x6  
  78  6:46  Mutalisk  
  78  6:50  Mutalisk  
  78  6:51  Mutalisk  
  78  6:53  Evolution Chamber  
  82  6:55  Overlord  
  82  7:04  Drone x5  
  87  7:09  Drone  
  87  7:10  Overlord  
  87  7:12  Drone  
  87  7:13  Drone x2  
  91  7:19  Mutalisk x2  
  95  7:24  Zergling x2  
  95  7:25  Zergling x4  
  98  7:31  Mutalisk  
  98  7:35  Zergling x2  
  98  7:36  Zergling x10  
  97  7:47  Mutalisk x2  
  97  7:49  Zergling x12  
  100  7:54  Mutalisk  
  92  8:02  Mutalisk  
  92  8:04  Zergling x8  
  90  8:06  Mutalisk x2  
  90  8:07  Spine Crawler  
  90  8:09  Zergling x6  
  90  8:10  Queen  
  87  8:20  Mutalisk  
  87  8:23  Zergling x8  
  87  8:33  Mutalisk  
  84  8:35  Queen x2  
  84  8:36  Zergling x10  
  91  8:43  Mutalisk  
  91  8:46  Zergling x2, Queen  
  91  8:47  Zergling x6  
  92  8:56  Mutalisk  
  93  9:06  Mutalisk  
  93  9:09  Zergling x2  
  100  9:10  Zergling x12  
  100  9:11  Extractor  
  92  9:21  Mutalisk x2  
  94  9:27  Drone  
  94  9:29  Zerg Melee Weapons Level 1  
  94  9:39  Drone x9  
  94  9:43  Drone  
  94  9:55  Mutalisk x3  
  100  10:02  Mutalisk  
  100  10:04  Zergling x12  
  107  10:10  Mutalisk  
  109  10:15  Zergling x2  
  109  10:16  Zergling x2  
  109  10:20  Mutalisk  
  110  10:26  Drone x2  
  110  10:30  Centrifical Hooks  
  110  10:35  Extractor, Drone x5  
  112  10:40  Baneling  
  112  10:41  Baneling x6, Hatchery  
  113  10:43  Overlord  
  113  10:48  Baneling  
  113  10:49  Baneling x3  
  113  10:51  Drone x3  
  113  10:52  Zergling x2  
  117  10:58  Zergling x8  
  121  11:05  Mutalisk x2  
  120  11:11  Overseer  
  120  11:14  Overlord  
  120  11:23  Mutalisk x2  
  124  11:27  Overlord  
  124  11:28  Zergling x20  
  134  11:32  Zerg Melee Weapons Level 2  
  134  11:39  Zerg Flyer Weapons Level 2  
  128  11:55  Baneling x10  
  128  11:57  Overlord  
  128  12:00  Zergling x20  
  136  12:02  Mutalisk  
  134  12:11  Mutalisk  
  136  12:22  Mutalisk x2  
  136  12:25  Drone x9  
  148  12:35  Mutalisk x2  
  150  12:43  Mutalisk x2  
  154  12:46  Zergling x14  
  154  12:51  Baneling x4  
  161  12:55  Extractor  
  161  12:56  Zergling x8  
  152  13:14  Mutalisk x4  
  152  13:18  Zergling x22  
  154  13:22  Overlord  
  154  13:26  Baneling x7  
  152  13:31  Zergling x12  
  152  13:33  Baneling x5  
  156  13:38  Mutalisk  
  157  13:41  Zergling x2  
  157  13:42  Zergling x6  
  157  13:44  Baneling x2  
  157  13:45  Baneling x3  
  148  14:00  Mutalisk  
  148  14:02  Zergling x20  
  144  14:23  Extractor  
Tags
 
Add a new tag
Caveats
  • Supply blocks, unpowered buildings, or Contaminate may cause inaccurate times.
  • Supply counts are checked every 10 seconds.